Description

This build order in really easy to execute. He is designed for beginners or new player who want a solid all-in build order.

The goal is to do an early pressure then go to a Immortal/Chargelot composition.

This build can be done against Zerg, Terran or Protoss with almost no variation from Bronze to Master. The build is really effective and I will use it soon in a Bronze to Master series.

Why i did this build order ?

  • Easy to do for beginners
  • Universal: Can be done against Zerg, Terran and Protoss
  • Easy to understand
  • All-in oriented
  • Include scouting timing to help you learning how to scout
  • Can be done from bronze to master (I did a serie using only this)
  • Really powerfull with many strong timings

Few tips :

  • Against a Zerg : Do you first 3 buildings inside your wall
  • Don't commit on micro at the beginning, macro is the most important thing to reach a good timing
  • Too many minerals = more Gates
  • Focus on one simple army composition: zealot / Immortal
  • Learn to scout step by step: Understand why he is taking gas, why he doesn't expand etc...

This build is designed to be good in defense and in attack. You can use it without adaptation until mid-diamond. In mid-diamond you should do some small adaptations like playing with 2 adepts first against zerg.

VOD

https://youtu.be/Pz4tgRuHQIE

Replay - kvarg v RainbowDash - Cyber Forest LE

Build Order

Get SALT Encoding   

  12  0:01  Probe  
  13  0:13  Probe  
  14  0:20  Pylon  
  14  0:25  Probe  
  15  0:36  Probe  
  15  0:39  Gateway  
  16  0:44  Probe  
  17  0:50  Assimilator  
  17  0:53  Probe  
  18  1:04  Gateway  
  18  1:14  Probe  
  18  1:18  Assimilator  
  19  1:26  Cybernetics Core, Probe  
  20  1:37  Pylon  
  20  1:38  Probe  
  21  1:50  Probe  
  22  2:03  Stalker  
  22  2:04  Sentry  
  27  2:09  Warp Gate  
  28  2:25  Pylon  
  28  2:30  Stalker  
  30  2:43  Stalker  
  32  3:10  Nexus  
  32  3:14  Shield Battery  
  32  3:26  Robotics Facility  
  32  3:29  Shield Battery  
  32  3:32  Gateway  
  32  3:36  Pylon  
  32  3:37  Shield Battery  
  33  4:06  Forge  
  33  4:09  Twilight Council  
  35  4:21  Observer  
  38  4:26  Protoss Ground Weapons Level 1  
  40  4:38  Stalker  
  44  4:46  Charge  
  45  5:01  Pylon  
  45  5:03  Gateway  
  48  5:18  Immortal  
  55  5:31  Stalker x2  
  59  5:36  Assimilator x2  
  64  6:14  Zealot x4  
Spawning Tool Build Advisor. Get it on Overwolf

Go to:

Details

  • Created by: zuka      
  • Published on: Jun 24, 2019
  • Patch: 4.7.1
  • Difficulty: Easy
Show
View Real Time Build Order
Export as new Build Order

Comments (4)

On July 10, 2019, 10:38 a.m., Astazha  said:

The written build shows 3 shield batteries, a forge with +1 weapons, and a sentry instead of one of the stalkers. The video discusses the possibility of building a shield battery but no mention is made of going for forge +1 or when a sentry might be built as an adjustment or how these things delay the build and when that might be a good choice to make.

I would be glad to hear you talk about these variations. Thank you!

On July 6, 2019, 11:44 a.m., ser  said:

Thanks for the build! Works well against passive players. I used it for a couple of days. Sometimes I screw up the timing and attack a minute later and still win. But sometimes vs early aggression I just cannot defend. A roach-ravager 2-base push at about 5 min is especially good against this build.

On June 28, 2019, 2:24 p.m., MoonStone  said:

As he says in the VOD webmaster, if you run into two - base air you can easily get more stalkers because you'll have a lot of gas!

On June 25, 2019, 7:38 p.m., webmaster  said:

Thanks for sharing. I love your uploads. I started playing protoss specifically b/c of your builds. My favorite units are the stalker / collos but this looks really good.

I hope I don't play against someone who builds air that can beat me up. 0 _ 0

Create an account to comment!